 Dungeon Crawl Stone Soup version 0.30-a0-847-g17996783a1 (webtiles) character file.

Game seed: 8681825855255818884

37 HImegimi the Trooper (level 3, 0/33 HPs)
             Began as a Hill Orc Fighter on Mar 3, 2023.
             Slain by an adder (2 damage)
             ... on level 2 of the Dungeon.
             The game lasted 00:12:10 (1253 turns).

HImegimi the Trooper (Hill Orc Fighter)             Turns: 1253, Time: 00:12:10

Health: 0/33       AC:  0    Str: 19 (20) XL:     3   Next: 39%
Magic:  3/3        EV:  7    Int:  5 (8)  God:
Gold:   102        SH:  4    Dex:  9 (10) Spells: 2/2 levels left

rFire   . . .      SeeInvis .    a - +0 war axe
rCold   . . .      Faith    .    c - +0 buckler
rNeg    . . .      Spirit   .    (no body armour)
rPois   .          Reflect  .    (no helmet)
rElec   .          Rampage  .    (no cloak)
rCorr   .                        (no gloves)
Will    .....                    (no boots)
Stlth   +                        (no amulet)
HPRegen 0.25/turn                (no ring)
MPRegen 0.08/turn                (no ring)

@: grasped by roots, constricted
A: no striking features
a: no special abilities


You were on level 2 of the Dungeon.
You visited 1 branch of the dungeon, and saw 2 of its levels.

You collected 102 gold pieces.

Inventory:

Hand Weapons
 a - a +0 war axe (weapon)
Armour
 b - a +0 scale mail
 c - a +0 buckler (worn)
 k - a +3 leather armour
Scrolls
 e - a scroll of teleportation {unknown}
 f - a scroll of enchant armour {unknown}
 h - a scroll of identify {unknown}
Potions
 d - a potion of might
 g - a potion of ambrosia {unknown}
 i - a potion of curing {unknown}
 j - a potion of degeneration
 l - a potion of mutation {unknown}


   Skills:
 + Level 4.2 Fighting
 + Level 3.2 Axes
 + Level 3.6 Armour
 + Level 3.7 Shields


You had 2 spell levels left.
You didn't know any spells.
Your spell library contained the following spells:

 Spells                   Type           Power      Damage    Failure   Level
 Vhi's Electric Charge    Tloc/Air       0%         N/A       91%         3
 Arcjolt                  Conj/Air       0%         1d10      100%        5
 Maxwell's Capacitive Co  Air            0%         ∞         100%        8


Dungeon Overview and Level Annotations

Branches:
Dungeon (2/15)

Altars:

Annotations:
D:2 Jessica


Message History

Found Maxwell's Memoranda.
You pick up Maxwell's Memoranda and begin reading...
You add the spells Vhi's Electric Charge, Arcjolt and Maxwell's Capacitive Coupling to your library.
A giant cockroach comes into view.
The giant cockroach bites you.
You hit the giant cockroach.
The giant cockroach is severely wounded.
The giant cockroach bites you.
You closely miss the giant cockroach.
The giant cockroach is severely wounded.
You block the giant cockroach's attack. The giant cockroach barely misses you.
You closely miss the giant cockroach.
The giant cockroach is severely wounded.
The giant cockroach closely misses you. The giant cockroach bites you.
You slash the giant cockroach!
You kill the giant cockroach!
Jessica the Apprentice Sorceress comes into view.
She is wielding a +0 dagger and carrying a wand of roots (7).
You see here a giant cockroach corpse.
Jessica shouts!
You hear an angry hiss.
Jessica says, "Why did you come here?"
Jessica casts a spell.
Jessica blinks!
An adder comes into view.
Jessica gestures wildly while chanting.
Jessica blinks!
Jessica zaps a wand.
The roots erupt in riotous growth!
The grasping roots grab you!
Jessica is unaffected.
The adder is unaffected.
The grasping roots constrict you.
You hit Jessica but do no damage. You closely miss the adder.
The adder closely misses you.
Jessica very coldly says, "I hate your company."
Jessica hits you with a +0 dagger! The grasping roots constrict you.
The adder bites you.
You barely miss Jessica. You hit the adder. Jessica hits you with a +0 dagger.
* * * LOW HITPOINT WARNING * * *
The grasping roots constrict you.
* * * LOW HITPOINT WARNING * * *
The adder bites you.
You die...

...........#
...........#
#.........#
#......... #
........ #.....
#.# ..... #....
....###@S####....
........@...#...
..............>.
#######†##.###.#
#....# #.#
######.#### #.#
#.........# #.#
#.........# #.#
#.....<...# #.#
#.........# #.#


You could see an adder and Jessica.

Vanquished Creatures
  A dart slug (D:1)
  5 endoplasms
  3 giant cockroaches
  2 goblins
  4 hobgoblins
  2 kobolds (D:1)
  2 quokkas (D:1)
  3 ball pythons (D:1)
  5 bats
  2 rats (D:1)
29 creatures vanquished.

Notes
Turn   | Place    | Note
-------+----------+-------------------------------------------
     0 | D:1      | HImegimi the Hill Orc Fighter began the quest for the Orb.
     0 | D:1      | Reached XP level 1. HP: 19/19 MP: 1/1
   482 | D:1      | Reached XP level 2. HP: 20/27 MP: 2/2
   535 | D:1      | Reached skill level 4 in Fighting
   815 | D:1      | Reached XP level 3. HP: 32/33 MP: 3/3
  1248 | D:2      | Noticed Jessica
  1253 | D:2      | Slain by an adder

Illustrated notes

Levels and vault maps discovered:
D:1:      evilmike_arrival_crescent, layout_basic
D:2:      layout_basic, uniq_robin, uniq_jessica

Skill      XL: |  1  2 |
---------------+-------+-----
Fighting       | 4 |  4.2
Axes           | 3 |  3.2
Armour         | |  3.6
Shields        | |  3.7

Action                     || total
---------------------------++-------
  Melee: War axe           ||    77
    Use: Potion            ||     1
 Armour: Scale mail        ||    44
  Dodge: Dodged            ||    39
  Block: Buckler           ||    13

Table legend: (Time is in decaauts)
 A = Elapsed time spent in this place.
 B = Non-inter-level travel time spent in this place.
 C = Inter-level travel time spent in this place.
 D = Time resting spent in this place.
 E = Time spent auto-exploring this place.
 F = Levels seen in this place.
 G = Mean time per level.
                   A        B        C        D        E       F      G
               +--------+--------+--------+--------+--------+-----+--------+
         Total |   1286 |   1286 |      0 |      0 |      0 |   2 |  643.0 |
       Dungeon |   1286 |   1286 |      0 |      0 |      0 |   2 |  643.0 |
               +--------+--------+--------+--------+--------+-----+--------+

Top non-repeatable levels by time:
     D:1: 1130 daAuts
     D:2: 155 daAuts
